 Dungeon Crawl Stone Soup version 0.13-a0-1804-g486adc7 (webtiles) character file.

257 Fv001 the Skirmisher (level 4, 0/39 HPs)
             Began as a Draconian Fighter on June 24, 2013.
             Slain by Fv001's ghost (1 damage)
             ... while paralysed by a potion of paralysis
             ... on Level 3 of the Dungeon.
             The game lasted 00:08:26 (2801 turns).

Fv001 the Skirmisher (Draconian Fighter)            Turns: 2801, Time: 00:08:26

HP   0/39        AC  7     Str 18      XL: 4   Next: 68%
MP  13/13        EV  2     Int  9      God:
Gold 142         SH  0     Dex 11      Spells:  0 memorised,  6 levels left

Res.Fire  : . . .   See Invis. : .   o - +2,+1 flail
Res.Cold  : . . .   Warding    : .   (armour unavailable)
Life Prot.: . . .   Conserve   : .   c - +0 shield
Res.Poison: .       Res.Corr.  : .   (helmet restricted)
Res.Elec. : .       Clarity    : .   (no cloak)
Sust.Abil.: . .     Spirit.Shd : .   b - +0 pair of gauntlets
Res.Mut.  : .       Stasis     : .   d - +0 pair of boots
Res.Rott. : .       Flight     : .   (no amulet)
Saprovore : . . .                    (no ring)
                                     i - ring of magical power

@: paralysed, slightly resistant to hostile enchantments, unstealthy
A: unfitting armour, AC +5
a: no special abilities


You were on level 3 of the Dungeon.
You were not hungry.

You visited 1 branch of the dungeon, and saw 3 of its levels.

You collected 122 gold pieces.

Inventory:

Hand weapons
 a - a +0,+0 mace
 o - a +2,+1 flail (weapon)
Missiles
 e - 37 stones
 h - 55 darts (quivered)
Armour
 b - a +0 pair of gauntlets (worn)
 c - a +0 shield (worn)
 d - a +0 pair of boots (worn)
Comestibles
 f - 5 bread rations
 r - a chunk of ball python flesh
 u - a rotting chunk of giant gecko flesh
 v - a meat ration
Scrolls
 g - 3 scrolls of identify {unknown}
 j - a scroll of teleportation {unknown}
 k - 2 scrolls of remove curse {unknown}
 l - a scroll of curse armour {unknown}
 n - 2 scrolls of magic mapping {unknown}
 p - a scroll of enchant weapon I {unknown}
 q - a scroll of fog {unknown}
Jewellery
 i - a ring of magical power (left hand)
Potions
 s - a potion of heal wounds {unknown}
 t - a potion of restore abilities {unknown}


   Skills:
 + Level 3.7 Fighting
 + Level 2.4 Maces & Flails
 + Level 0.3 Throwing
 + Level 3.5 Dodging
 * Level 1.6 Stealth
 + Level 3.6 Shields
 + Level 0.8 Traps
 * Level 1.6 Spellcasting


You had 6 spell levels left.
You didn't know any spells.

Dungeon Overview and Level Annotations

Branches:
Dungeon (3/27)

Altars:
Cheibriados
Fedhas
Nemelex Xobeh
the Shining One

Annotations
D:3 Fv001's ghost, experienced DrFi


Message History

Fv001's ghost is lightly damaged.
Fv001's ghost hits you!
You feel drained. You block Fv001's ghost's attack.
You hit Fv001's ghost but do no damage.
Fv001's ghost is lightly damaged.
Fv001's ghost hits you.
You feel drained.
You are now level 4!
You hit Fv001's ghost.
Fv001's ghost is lightly damaged.
Fv001's ghost hits you!
You feel drained.
* * * LOW HITPOINT WARNING * * *
Fv001's ghost barely misses you.
You closely miss Fv001's ghost.
Fv001's ghost is lightly damaged.
Fv001's ghost barely misses you.
Drink which item? (? for menu, Esc to quit)
You suddenly lose the ability to move!
It was a potion of paralysis.
Fv001's ghost hits you!
* * * LOW HITPOINT WARNING * * *
You feel drained.
You die...

.............# .
###..##......# ... #
#..######### ....#
###..#### #####.#.##
........# #.....?.(.
........# ##..........
........# #...........
....<...########...........
...............)@p.b......
........########........#.
....b...# #........#
........########.####..##
####.#........)..... ..#
####.#............## .#
.....#............#
######............#
######.....b......#


You could see Fv001's ghost.

Vanquished Creatures
  A crimson imp (D:2)
  An orc wizard (D:3)
  Ijyb (D:2)
  An adder (D:3)
  3 gnolls
  A giant mite (D:2)
  An ooze (D:2)
  2 orcs
  4 ball pythons
  6 bats
  2 giant cockroaches
  8 goblins
  3 hobgoblins
  2 giant geckos
  A giant newt (D:2)
  6 kobolds
  6 rats
49 creatures vanquished.

Vanquished Creatures (others)
  A ball python (D:1)
1 creature vanquished.

Grand Total: 50 creatures vanquished

Notes
Turn   | Place    | Note
--------------------------------------------------------------
     0 | D:1      | Fv001, the Draconian Fighter, began the quest for the Orb.
     0 | D:1      | Reached XP level 1. HP: 19/19 MP: 0/0
   296 | D:1      | Reached XP level 2. HP: 26/26 MP: 1/1
   883 | D:2      | Noticed Ijyb
  1221 | D:2      | Reached XP level 3. HP: 33/33 MP: 2/2
  1237 | D:2      | Found a sparkling altar of Nemelex Xobeh.
  1405 | D:2      | Killed Ijyb
  1405 | D:2      | Reached skill level 1 in Stealth
  1405 | D:2      | Reached skill level 1 in Spellcasting
  1440 | D:2      | Found a glowing golden altar of the Shining One.
  1485 | D:2      | Found a snail-covered altar of Cheibriados.
  1700 | D:2      | Reached XP level 4. HP: 21/39 MP: 4/4
  2674 | D:3      | Found a blossoming altar of Fedhas.
  2701 | D:3      | Reached XP level 5. HP: 46/46 MP: 5/5
  2787 | D:3      | Noticed Fv001's ghost (experienced DrFi)
  2798 | D:3      | Reached XP level 4. HP: 26/39 MP: 13/13
  2801 | D:3      | Paralysed by a potion of paralysis for 3 turns
  2801 | D:3      | HP: 1/39 [Fv001's ghost (7)]
  2801 | D:3      | Slain by Fv001's ghost

Action                   |  1- 3 |  4- 6 || total
-------------------------+-------+-------++-------
Melee: Mace              |   119 |    24 ||   143
       Flail             |       |    38 ||    38
Throw: Dart              |    15 |       ||    15
  Use: Potion            |       |     3 ||     3
